 Dungeon Crawl Stone Soup version 0.29.1-12-g30fa7ad0bf (webtiles) character file.

Game seed: 16772322370376427986

2201 Linkola the Thaumaturge (level 9, -7/46 HPs)
             Began as a Deep Elf Air Elementalist on Dec 17, 2022.
             Was an Initiate of Vehumet.
             Killed by divine providence
             ... invoked by an orc priest
              (15 damage)
             ... on level 7 of the Dungeon.
             The game lasted 00:29:32 (8606 turns).

Linkola the Thaumaturge (Deep Elf Air Elementalist) Turns: 8606, Time: 00:29:32

Health: -7/46      AC:  4    Str:  5    XL:     9   Next: 12%
Magic:  1/24       EV: 13    Int: 31    God:    Vehumet [......]
Gold:   383        SH:  0    Dex: 15    Spells: 8/26 levels left

rFire   . . .      SeeInvis .   m - +4 quarterstaff (chaos)
rCold   . . .      Faith    +   (shield currently unavailable)
rNeg    . . .      Spirit   .   a - +0 robe
rPois   .          Reflect  .   h - +0 helmet
rElec   .          Harm     .   j - +0 cloak
rCorr   +          Rampage  .   (no gloves)
Will    .....                   (no boots)
Stlth   +++.......              v - amulet of faith
HPRegen 0.15/turn               q - +6 ring of intelligence
MPRegen 0.19/turn               x - ring of resist corrosion

@: no status effects
A: no striking features
a: Renounce Religion


You were on level 7 of the Dungeon.
You worshipped Vehumet.
Vehumet was noncommittal.
You visited 1 branch of the dungeon, and saw 7 of its levels.

You collected 383 gold pieces.

Inventory:

Hand Weapons
 m - a +4 quarterstaff of chaos (weapon)
Missiles
 i - 3 boomerangs of dispersal
Armour
 a - a +0 robe (worn)
 h - a +0 helmet (worn)
 j - a +0 cloak (worn)
Jewellery
 q - a +6 ring of intelligence (left hand)
 v - an amulet of faith (around neck)
 x - a ring of resist corrosion (right hand)
Wands
 e - a wand of roots (13)
 r - a wand of polymorph (9)
 s - a wand of flame (25)
 w - a wand of quicksilver (15)
Scrolls
 n - 2 scrolls of poison
 t - a scroll of enchant weapon
 u - a scroll of teleportation
Potions
 b - a potion of magic
 c - 6 potions of curing
 d - 2 potions of haste
 f - a potion of brilliance {unknown}
 g - 4 potions of flight
 k - a potion of ambrosia {unknown}
 l - a potion of heal wounds
 o - 3 potions of mutation {unknown}
 p - a potion of cancellation {unknown}


   Skills:
 + Level 0.3 Fighting
 + Level 0.3 Short Blades
 + Level 3.4 Dodging
 + Level 3.7 Stealth
 + Level 9.0 Spellcasting
 + Level 4.5 Conjurations
 * Level 4.9 Summonings
 + Level 6.0 Air Magic
 * Level 5.2 Poison Magic
 + Level 0.8 Evocations


You had 8 spell levels left.
You knew the following spells:

 Your Spells              Type           Power      Damage    Failure   Level
a - Shock                 Conj/Air       100%       1d9       1%          1
b - Static Discharge      Conj/Air       46%        3-9/arc   1%          2
c - Poisonous Vapours     Pois/Air       98%        N/A       1%          2
d - Swiftness             Air            51%        N/A       1%          3
e - Airstrike             Air            25%        2d(4-20)  3%          4
f - Call Canine Familiar  Summ           44%        N/A       1%          3
g - Mephitic Cloud        Conj/Pois/Air  46%        N/A       1%          3

Your spell library contained the following spells:

 Spells                   Type           Power      Damage    Failure   Level
 Magic Dart               Conj           100%       1d8       1%          1
 Summon Small Mammal      Summ           100%       N/A       1%          1
 Call Imp                 Summ           44%        N/A       1%          2
 Summon Guardian Golem    Hex/Summ       29%        N/A       4%          3
 Corpse Rot               Necr/Pois/Air  37%        N/A       8%          4
 Gell's Gravitas          Tloc           14%        N/A       11%         3
 Teleport Other           Tloc           14%        N/A       11%         3
 Animate Dead             Necr           14%        N/A       34%         4
 Borgnjor's Vile Clutch   Necr/Erth      7%         N/A       69%         5
 Death Channel            Necr           7%         N/A       99%         6
 Dispersal                Tloc           7%         N/A       99%         6
 Borgnjor's Revivificati  Necr           7%         N/A       100%        8
 Necromutation            Tmut/Necr      7%         N/A       100%        8
 Death's Door             Necr           7%         N/A       100%        9


Dungeon Overview and Level Annotations

Branches:
Dungeon (7/15)             Temple (0/1) D:7

Altars:
Gozag
Kikubaaqudgha
Nemelex Xobeh
Qazlal
Vehumet
Wu Jian
Yredelemnul
Zin

Annotations:
D:3 2 transporters, NerdRage255's ghost, amateur MiBe


Message History

The zap hits the gnoll.
The gnoll is almost dead.
The zap hits the gnoll sergeant.
The gnoll sergeant is lightly wounded.
The zap hits the gnoll!
You kill the gnoll!
Vehumet accepts your kill.
The zap misses the orc.
The gnoll sergeant hits you from afar with a +2 spear of pain.
The gnoll hits you with a +0 whip.
Aiming: Shock (safe; 1% risk of failure)
Press: ? - help, Q - select action, (/) - cycle Shift-Dir - straight line, f/p - gnoll
Aim: a gnoll, wielding a +0 whip (severely wounded, 77% to hit)
The zap hits the gnoll.
The gnoll is almost dead.
The zap hits the gnoll sergeant but does no damage.
The gnoll sergeant is lightly wounded.
The zap misses the orc.
The gnoll barely misses you.
The gnoll sergeant hits you from afar with a +2 spear of pain!
You writhe in agony.
Casting: Shock (safe; 1% risk of failure)
Confirm with . or Enter, or press ? or * to list all spells.
The gnoll is struck by an arc of lightning!
You kill the gnoll!
Vehumet accepts your kill.
You are struck by an arc of lightning.
The gnoll sergeant closely misses you.
Aiming: Shock (safe; 1% risk of failure)
Press: ? - help, Q - select action, (/) - cycle Shift-Dir - straight line, f - gnoll sergeant
Aim: a gnoll sergeant, wielding a +2 spear of pain and wearing a +0 ring mail (lightly wounded, 81% to hit)
The zap hits the gnoll sergeant!
The gnoll sergeant is moderately wounded.
The zap misses the orc.
The gnoll sergeant hits you from afar with a +2 spear of pain!
* * * LOW HITPOINT WARNING * * *
You writhe in agony.
* * * LOW HITPOINT WARNING * * *
The orc priest mumbles some strange prayers to Beogh against you.
Beogh smites you!
You die...

#....##..)...#
#....##......# .
#.....#......# #.
#............# .)
#...)##......###### .#
####.##...........###)#
#..#......#.##..#..#
###.#......#o....#)####..
#....<..@.)go...).)......
##...##########......)...
##..### ####.#.###..
##...# ####......#
#.#..............#####
#.#######.....#.......
#.## ##.......#### #..###
#.......######
##...###...........[#


You could see a gnoll sergeant, an orc priest and an orc.

Vanquished Creatures
  A hornet (D:7)
  Grinder (D:3)
  A steam dragon (D:6)
  A water moccasin (D:5)
  Duvessa (D:7)
  An ice beast (D:5)
  A bullfrog (D:6)
  A necrophage (D:6)
  4 scorpions
  3 wights (D:6)
  Dowan (D:7)
  A howler monkey (D:7)
  A jelly (D:7)
  3 hounds
  Crazy Yiuf (D:5)
  Natasha (thrice) (D:3)
  5 iguanas
  2 orc wizards (D:5)
  10 gnolls
  6 adders
  An ufetubus (D:7)
  3 worms
  4 dart slugs
  17 orcs
  16 endoplasms
  6 giant cockroaches (D:1)
  8 goblins
  5 hobgoblins
  5 jackals (D:1)
  4 quokkas
  10 ball pythons
  3 bats
  3 frilled lizards
  9 kobolds
  10 rats
152 creatures vanquished.

Vanquished Creatures (collateral kills)
  A centaur (D:7)
  An adder (D:4)
2 creatures vanquished.

Grand Total: 154 creatures vanquished

Notes
Turn   | Place    | Note
-------+----------+-------------------------------------------
     0 | D:1      | Linkola the Deep Elf Air Elementalist began the quest for
                  | the Orb.
     0 | D:1      | Reached XP level 1. HP: 10/10 MP: 6/6
     2 | D:1      | Found a runed translucent door.
   116 | D:1      | Reached XP level 2. HP: 15/15 MP: 0/8
   248 | D:1      | Learned a level 2 spell: Static Discharge
   251 | D:1      | Learned a level 2 spell: Poisonous Vapours
   519 | D:1      | Reached XP level 3. HP: 19/19 MP: 6/9
   557 | D:1      | Learned a level 3 spell: Swiftness
   672 | D:1      | Reached skill level 1 in Poison Magic
  1699 | D:2      | Found a faded altar of an unknown god.
  1779 | D:2      | Reached skill level 4 in Spellcasting
  2110 | D:2      | Reached XP level 4. HP: 24/24 MP: 9/12
  2725 | D:3      | Found a transporter.
  2725 | D:3      | Found a transporter.
  2725 | D:3      | Noticed NerdRage255's ghost (amateur MiBe)
  2725 | D:3      | Noticed an ogre
  2752 | D:3      | Noticed an ogre
  2753 | D:3      | Noticed an ogre
  3200 | D:3      | Noticed Natasha
  3206 | D:3      | Killed Natasha
  3207 | D:3      | Reached skill level 1 in Summonings
  3207 | D:3      | Reached XP level 5. HP: 12/28 MP: 4/14
  3212 | D:3      | Learned a level 4 spell: Airstrike
  3299 | D:3      | Noticed Natasha
  3301 | D:3      | Killed Natasha
  3399 | D:3      | Noticed Grinder
  3408 | D:3      | Killed Grinder
  3409 | D:3      | Reached skill level 5 in Spellcasting
  3409 | D:3      | Reached XP level 6. HP: 32/32 MP: 1/16
  3566 | D:3      | Identified the +1 plate armour of Uskayaw, Devouring {rF-
                  | rC+ Dex+2}
  3989 | D:3      | Noticed Natasha
  3994 | D:3      | Killed Natasha
  4286 | D:4      | Reached skill level 6 in Spellcasting
  4286 | D:4      | Reached XP level 7. HP: 33/36 MP: 10/18
  4468 | D:4      | Found a stormy altar of Qazlal.
  4687 | D:4      | Learned a level 3 spell: Call Canine Familiar
  4718 | D:4      | Found a basalt altar of Yredelemnul.
  5121 | D:5      | Entered Level 5 of the Dungeon
  5479 | D:5      | Found a runed translucent door.
  5480 | D:5      | Noticed Crazy Yiuf
  5875 | D:5      | Reached skill level 5 in Air Magic
  5969 | D:5      | Reached skill level 7 in Spellcasting
  6318 | D:5      | Killed Crazy Yiuf
  6631 | D:6      | Found a sparkling altar of Nemelex Xobeh.
  6751 | D:6      | Reached XP level 8. HP: 37/41 MP: 12/20
  7026 | D:6      | Found an ancient bone altar of Kikubaaqudgha.
  7302 | D:6      | Reached skill level 8 in Spellcasting
  7446 | D:6      | Found an ornate altar of the Wu Jian Council.
  7448 | D:6      | Found an opulent altar of Gozag.
  7449 | D:6      | Found a radiant altar of Vehumet.
  7455 | D:6      | Became a worshipper of Vehumet
  7533 | D:6      | Learned a level 3 spell: Mephitic Cloud
  7562 | D:6      | Found a glowing silver altar of Zin.
  7702 | D:7      | Noticed Dowan
  7704 | D:7      | Noticed Duvessa
  7722 | D:7      | Killed Dowan
  8134 | D:7      | Found a staircase to the Ecumenical Temple.
  8136 | D:7      | Noticed a hornet
  8139 | D:7      | Paralysed by a hornet for 3 turns
  8142 | D:7      | Killed a hornet
  8143 | D:7      | Reached skill level 5 in Poison Magic
  8188 | D:6      | Reached XP level 9. HP: 4/46 MP: 18/23
  8592 | D:7      | Killed Duvessa
  8593 | D:7      | Reached skill level 9 in Spellcasting
  8606 | D:7      | Killed from afar by an orc priest

Illustrated notes

Levels and vault maps discovered:
D:1:      dpeg_arrival_caged_fury, layout_basic, serial_park_tiny_1, st_stairs_1
D:2:      layout_basic, hellmonk_ecumenical_altar_blasted
D:3:      layout_basic, gammafunk_ghost_smash, kennysheep_generic_room_16,
          uniq_natasha, uniq_grinder
D:4:      layout_basic, kennysheep_mini_moat, nicolae_qazlal_eye_of_the_storm,
          interstate_on_off
D:5:      minmay_spotlight, layout_cave_pods, lemuel_flamethrower_2,
          uniq_crazy_yiuf_cottage
D:6:      layout_loops_cross, overflow_temple_1_default, minitemple,
          zin_treasury, mainiacjoe_overflow_concentric_impassable, minmay_holes
D:7:      layout_rooms, minmay_temple_entry_mini_moons,
          hangedman_abyss_or_decor_passed, supply_closet_lemuel, uniq_duvessa

Skill      XL: |  1  2  3  4  5  6  7  8  9 |
---------------+----------------------------+-----
Poison Magic   | 1 2 3 5 |  5.2
Spellcasting   | 4 5 6 7 8 9 |  9.0
Conjurations   | 2 3 4 |  4.5
Summonings     | 1 2 3 4 |  4.9
Stealth        | 3 |  3.7
Air Magic      | 4 5 6 |  6.0
Dodging        | 3 |  3.4
Fighting       | |  0.3
Short Blades   | |  0.3
Evocations     | |  0.8

Action                   |  1- 3 |  4- 6 |  7- 9 || total
-------------------------+-------+-------+-------++-------
Melee: Dagger            |     1 |       |     2 ||     3
       Quarterstaff      |       |       |     1 ||     1
 Cast: Shock             |    85 |    62 |   139 ||   286
       Poisonous Vapours |     7 |     1 |     5 ||    13
       Static Discharge  |     4 |    12 |    28 ||    44
       Airstrike         |       |    12 |     3 ||    15
       Call Canine Famil |       |       |    12 ||    12
       Mephitic Cloud    |       |       |     2 ||     2
       Swiftness         |       |       |     1 ||     1
  Use: Scroll            |     4 |     6 |     4 ||    14
Armor: Robe              |     2 |     2 |     9 ||    13
Dodge: Dodged            |     7 |     6 |    27 ||    40
